AoeStats
← Marcos

Arena

510401109Analyzed
2v2 RM · 3d ago on Sep 30, 2026· 46m 42s· 4 players
Game mode
Random Map
Map size
Medium (4 player)
Population
200
Speed
Normal
Resources
Standard
Victory
Conquest
Starting age
Dark Age
Ending age
Imperial Age
RankedLock teamsTeams togetherTeam positionsShared explorationLock speedFull tech treeHidden civsTurbo modeCheats
Victory
Defeat
🇮🇹 Bohemians · Italy
937
+14
🇨🇦 Bohemians · Canada
937
+14
🇵🇹 Teutons · Portugal
963
-38
🇵🇹 Goths · Portugal
844
-21
Marcos
12:26 Feudal Age
13:48 Wheelbarrow
13:09 Double-Bit Axe
14:23 Gold Mining
19:15 Castle Age
17:46 Stone Mining
17:59 Man-at-Arms
18:57 Forging
18:47 Scale Mail Armor
18:53 Scale Barding Armor
18:49 Padded Archer Armor
18:51 Horse Collar
19:37 Loom
22:13 Squires
23:16 Town Watch
23:33 Long Swordsman
31:03 Husbandry
32:23 Bow Saw
32:18 Pikeman
34:38 Stone Shaft Mining
34:29 Devotion
35:22 Murder Holes
36:06 Iron Casting
35:46 Chain Mail Armor
35:23 Fletching
35:43 Light Cavalry
36:59 Masonry
37:48 Bloodlines
38:56 Leather Archer Armor
43:13 Imperial Age
41:19 Herbal Medicine
41:47 Sanctity
43:15 Ballistics
42:45 Heated Shot
42:40 Treadmill Crane
43:56 Perfusion
45:10 Chemistry
44:52 Two-Handed Swordsman
AlphaRaven
4:59 Loom
12:08 Feudal Age
13:34 Wheelbarrow
12:46 Double-Bit Axe
12:51 Horse Collar
16:49 Gold Mining
16:50 Stone Mining
19:07 Castle Age
19:42 Man-at-Arms
20:09 Gambesons
20:25 Squires
20:38 Forging
20:29 Scale Mail Armor
20:52 Long Swordsman
26:13 Stone Shaft Mining
26:47 Iron Casting
26:27 Chain Mail Armor
33:07 Town Watch
33:38 Hand Cart
34:22 Ballistics
34:44 Chain Mail Armor
34:34 Scale Barding Armor
37:17 Imperial Age
34:28 Pikeman
35:08 Guard Tower
35:40 Bow Saw
35:37 Heavy Plow
36:18 Fortified Wall
36:18 Masonry
37:38 Bloodlines
37:55 Chain Barding Armor
37:26 Cavalier
39:09 Blast Furnace
39:11 Chemistry
38:20 Siege Engineers
37:51 Elite Skirmisher
39:27 Crop Rotation
40:33 Two-Man Saw
41:01 Plate Barding Armor
40:43 Two-Handed Swordsman
43:30 Plate Mail Armor
maalrugu
10:08 Feudal Age
8:40 Loom
13:46 Castle Age
12:26 Double-Bit Axe
22:41 Fervor
22:52 Sanctity
22:45 Redemption
28:47 Imperial Age
28:12 Herbal Medicine
32:06 Block Printing
32:19 Illumination
33:43 Chemistry
32:48 Padded Archer Armor
34:59 Pikeman
39:46 Scale Mail Armor
39:51 Elite Hussite Wagon
40:54 Conscription
46:02 Houfnice
Giovann264829
11:08 Feudal Age
13:27 Double-Bit Axe
16:08 Castle Age
14:21 Horse Collar
17:25 Bow Saw
24:24 Wheelbarrow
24:13 Heavy Plow
25:57 Chemistry
26:46 Man-at-Arms
27:13 Pikeman
28:20 Hand Cart
32:48 Imperial Age
31:45 Caravan
32:40 Scale Mail Armor
32:51 Forging
33:13 Squires
35:13 Two-Man Saw
34:01 Loom
34:15 Town Watch
35:08 Iron Casting
36:38 Chain Mail Armor
36:23 Arson
36:36 Houfnice
37:55 Siege Engineers
38:23 Halberdier
39:44 Padded Archer Armor
40:15 Plate Mail Armor
39:07 Long Swordsman
39:47 Murder Holes
40:36 Conscription
45:26 Wagenburg Tactics
46:27 Blast Furnace
46:36 Husbandry
46:00 Elite Skirmisher
46:09 Capped Ram
46:12 Two-Handed Swordsman
47:15 Ballistics
47:03 Scale Barding Armor
46:37 Light Cavalry
46:40 Cavalier
46:42 Crossbowman
Connection lost

Rejoining the realm…

Still unreachable

The connection could not be restored.

Session expired

The server has moved on; the page needs a fresh start.